 Dungeon Crawl Stone Soup version 0.31-a0-1620-gcbf77bbcfc (webtiles) character file.

Game seed: 16719835017531496363

210 Curundu the Chopper (level 5, -4/45 HPs)
             Began as a Minotaur Berserker on Jan 11, 2024.
             Was a Believer of Trog.
             Killed from afar by an orc wizard (5 damage)
             ... with a magic dart
             ... on level 3 of the Dungeon.
             The game lasted 00:06:40 (1746 turns).

Curundu the Chopper (Minotaur Berserker)            Turns: 1746, Time: 00:06:41

Health: -4/45      AC:  1    Str: 24    XL:     5   Next: 57%
Magic:  4/4        EV: 12    Int:  4    God:    Trog [**....]
Gold:   107        SH:  0    Dex:  9    Spells: 4/4 levels left

rFire   . . .        v - +2 quarterstaff (chaos)
rCold   . . .        (shield currently unavailable)
rNeg    . . .        (no body armour)
rPois   .            (helmet restricted)
rElec   .            w - +0 cloak
rCorr   .            (no gloves)
SInv    .            (no boots)
Will    .....        (no amulet)
Stlth   +            (no ring)
HPRegen 0.27/turn    (no ring)
MPRegen 0.09/turn

%: no passive effects
@: no status effects
A: horns 2, retaliatory headbutt
a: Renounce Religion, Berserk, Trog's Hand


You were on level 3 of the Dungeon.
You worshipped Trog.
Trog was pleased with you.
You visited 1 branch of the dungeon, and saw 3 of its levels.

You collected 107 gold pieces.

Inventory:

Hand Weapons
 a - a +0 hand axe
 v - a +2 quarterstaff of chaos (weapon)
Missiles
 c - 3 poisoned darts (quivered)
Armour
 b - a +0 animal skin
 w - a +0 cloak (worn)
 x - a +0 ring mail
Wands
 q - a wand of digging (1)
Scrolls
 h - a scroll of torment {unknown}
 m - a scroll of vulnerability
 n - a scroll of noise
Potions
 d - 2 potions of curing
 f - a potion of berserk rage
 g - a potion of cancellation {unknown}
 i - a potion of enlightenment {unknown}
 j - a potion of mutation {unknown}
 l - a potion of degeneration {unknown}
 o - a potion of brilliance {unknown}
 p - a potion of haste
 s - a potion of resistance


   Skills:
 - Level 3.6 Fighting
 + Level 7.7 Axes
 - Level 2.4 Armour
 - Level 2.1 Dodging


You had 4 spell levels left.
You didn't know any spells.
Your spell library was empty.

Dungeon Overview and Level Annotations

Branches:
Dungeon (3/15)

Altars:


Innate Abilities, Weirdness & Mutations

You have a pair of horns on your head.
You reflexively headbutt those who attack you in melee.


Message History

You feel less confused. The orc closely misses you. You furiously retaliate!
You headbutt the orc. The orc wizard barely misses you.
The orc hits you with a +0 hand axe.
You barely miss the orc wizard. Your headbutt misses the orc wizard.
The orc hits you with a +0 dagger.
* * * LOW HITPOINT WARNING * * *
The orc wizard barely misses you. You furiously retaliate!
You headbutt the orc wizard! The orc closely misses you.
You furiously retaliate!
You headbutt the orc!
You kill the orc!
Trog accepts your kill.
You barely miss the orc wizard.
The orc wizard is almost dead.
The orc wizard gestures wildly while chanting.
The orc wizard flickers and vanishes!
Deactivating autopickup; reactivate with Ctrl-A.
The orc misses you. The orc hits you with a +0 dagger.
* * * LOW HITPOINT WARNING * * *
Something hits you.
* * * LOW HITPOINT WARNING * * *
You miss something. The orc hits you with a +0 dagger.
* * * LOW HITPOINT WARNING * * *
Something hits you.
* * * LOW HITPOINT WARNING * * *
You closely miss something. Your headbutt misses something. The orc misses you.
You furiously retaliate!
You headbutt the orc, but do no damage. Something barely misses you.
The orc attacks as it pursues you! The orc closely misses you.
The orc attacks as it pursues you! The orc misses you. You furiously retaliate!
You headbutt the orc!
You kill the orc!
Trog accepts your kill. Something barely misses you. Something hits you.
* * * LOW HITPOINT WARNING * * *
Something hits you.
* * * LOW HITPOINT WARNING * * *
A magic dart appears from out of thin air!
The magic dart hits you.
You die...

#.#.....# # #.#...).#
..#.####.# #.# #
.........###.#.#
#........)...#
#####..####### #{## #.#
### #@# #.. #.# #.### #.#
### #.... ..########.#
##.## #..#
........##.#####.#.####..#
..#####......##.###......#
#..###.###.#..###..#
#.#<##.))...#.# #..##
#..###.######.###....


There were no monsters in sight!

Vanquished Creatures
  Crazy Yiuf (D:2)
  An orc priest (D:3)
  Natasha (thrice) (D:2)
  An adder (D:2)
  6 dart slugs
  6 orcs (D:3)
  2 endoplasms (D:1)
  A giant cockroach (D:2)
  3 goblins (D:1)
  3 hobgoblins
  3 jackals (D:2)
  3 quokkas
  3 ball pythons
  6 bats
  4 frilled lizards
  6 kobolds
  3 rats
55 creatures vanquished.

Notes
Turn   | Place    | Note
-------+----------+-------------------------------------------
     0 | D:1      | Curundu the Minotaur Berserker began the quest for the Orb.
     0 | D:1      | Reached XP level 1. HP: 19/19 MP: 0/0
    37 | D:1      | Reached skill level 4 in Axes
   133 | D:1      | Reached XP level 2. HP: 24/26 MP: 1/1
   468 | D:2      | Reached skill level 5 in Axes
   569 | D:2      | Reached ** piety under Trog
   571 | D:2      | Reached XP level 3. HP: 29/31 MP: 2/2
   721 | D:2      | Noticed Natasha
   729 | D:2      | Killed Natasha
   730 | D:2      | Reached skill level 6 in Axes
   730 | D:2      | Reached XP level 4. HP: 14/39 MP: 3/3
   773 | D:2      | Noticed Natasha
   797 | D:2      | Killed Natasha
  1030 | D:2      | Found a runed translucent door.
  1031 | D:2      | Noticed Crazy Yiuf
  1124 | D:2      | Killed Crazy Yiuf
  1125 | D:2      | Reached XP level 5. HP: 25/45 MP: 4/4
  1304 | D:2      | Noticed Natasha
  1313 | D:2      | Killed Natasha
  1314 | D:2      | Reached skill level 7 in Axes
  1745 | D:3      | HP: 1/45 [something (4)]
  1746 | D:3      | Killed from afar by an orc wizard

Illustrated notes

Levels and vault maps discovered:
D:1:      doesnt_arrival_eight_statues, layout_rooms, st_stairs_4
D:2:      layout_loops_ring, uniq_crazy_yiuf_cottage, uniq_natasha
D:3:      layout_loops_ring, grunt_temple_overflow_cloverleaf, serial_shops,
          nicolae_shop_rolling_square

Skill      XL: |  1  2  3  4  5 |
---------------+----------------+-----
Axes           | 4 5 6 7 |  7.7
Fighting       | |  3.6
Armour         | |  2.4
Dodging        | |  2.1

Action                     |  1- 3 |  4- 6 || total
---------------------------+-------+-------++-------
  Melee: Hand axe          |    54 |    17 ||    71
         Headbutt          |    11 |     2 ||    13
         Quarterstaff      |       |    22 ||    22
 Invoke: Trog's Hand       |       |     1 ||     1
    Use: Scroll            |       |    11 ||    11
   Stab: Petrifying        |       |     1 ||     1
 Armour: Animal skin       |    38 |    15 ||    53
         Skin              |       |    25 ||    25
  Dodge: Dodged            |    49 |    31 ||    80

Table legend: (Time is in decaauts)
 A = Elapsed time spent in this place.
 B = Non-inter-level travel time spent in this place.
 C = Inter-level travel time spent in this place.
 D = Time resting spent in this place.
 E = Time spent auto-exploring this place.
 F = Levels seen in this place.
 G = Mean time per level.
                   A        B        C        D        E       F      G
               +--------+--------+--------+--------+--------+-----+--------+
         Total |   1762 |   1762 |      0 |     98 |   1150 |   3 |  587.3 |
       Dungeon |   1762 |   1762 |      0 |     98 |   1150 |   3 |  587.3 |
               +--------+--------+--------+--------+--------+-----+--------+

Top non-repeatable levels by time:
     D:2: 1088 daAuts
     D:1: 464 daAuts
     D:3: 208 daAuts
